 Dungeon Crawl Stone Soup version 0.30-b1-2-g02819fbbbe (webtiles) character file.

Game seed: 3077287582797116763

2215 mleeut the Basher (level 9, -4/75 HPs)
             Began as a Minotaur Fighter on May 2, 2023.
             Killed from afar by an electric eel (5 damage)
             ... with a bolt of electricity
             ... on level 7 of the Dungeon.
             The game lasted 00:28:09 (6459 turns).

mleeut the Basher (Minotaur Fighter)                Turns: 6459, Time: 00:28:10

Health: -4/75      AC: 16    Str: 23    XL:     9   Next: 13%
Magic:  8/8        EV: 12    Int:  4    God:
Gold:   335        SH:  5    Dex: 14    Spells: 8/8 levels left

rFire   . . .        s - +7 mace "Sikahaphu" {distort, Dex+2}
rCold   . . .        c - +0 buckler
rNeg    + . .        u - +0 plate armour
rPois   +            (helmet restricted)
rElec   .            n - +2 ratskin cloak {*Rats rPois rN+ Str-1 Int-1 Dex+1}
rCorr   .            (no gloves)
SInv    .            (no boots)
Will    +....        (no amulet) Stlth
                     k - ring of willpower
HPRegen 0.32/turn    a - +5 ring of evasion
MPRegen 0.11/turn

%: no passive effects
@: attractive, studying Transmutations
A: horns 2, retaliatory headbutt
a: no special abilities


You were on level 7 of the Dungeon.
You visited 2 branches of the dungeon, and saw 9 of its levels.

You collected 335 gold pieces.

Inventory:

Hand Weapons
 s - the +7 mace "Sikahaphu" (weapon) {distort, Dex+2}
   (You found it on level 3 of the Dungeon)

   Dex:       It affects your dexterity (+2).
Missiles
 A - a throwing net (quivered)
Armour
 c - a +0 buckler (worn)
 n - the +2 ratskin cloak (worn) {*Rats rPois rN+ Str-1 Int-1 Dex+1}
   (You found it on level 2 of the Dungeon)

   *Rats:     When the wearer is hurt, rats may emerge from it to assist them.
   Str:       It affects your strength (-1).
   Int:       It affects your intelligence (-1).
   Dex:       It affects your dexterity (+1).
   rPois:     It protects you from poison.
   rN:        It protects you from negative energy.
 u - a +0 plate armour (worn)
Jewellery
 a - a +5 ring of evasion (right hand)
 k - a ring of willpower (left hand)
 v - a ring of protection from cold
 C - a ring of protection from fire
Wands
 q - a wand of paralysis (3)
 z - a wand of light (13)
Scrolls
 b - 4 scrolls of magic mapping {unknown}
 e - 7 scrolls of identify {unknown}
 j - a scroll of enchant armour {unknown}
 l - a scroll of fog {unknown}
 m - 3 scrolls of poison {unknown}
 o - 3 scrolls of teleportation {unknown}
 w - a scroll of silence {unknown}
 x - 2 scrolls of noise {unknown}
 y - 2 scrolls of blinking {unknown}
 D - a scroll of brand weapon {unknown}
Potions
 d - 2 potions of might
 f - 3 potions of attraction
 g - 2 potions of mutation {unknown}
 h - 4 potions of heal wounds {unknown}
 i - 2 potions of magic {unknown}
 p - 2 potions of ambrosia {unknown}
 r - 5 potions of curing {unknown}
 t - a potion of brilliance {unknown}
 B - a potion of haste {unknown}


   Skills:
 + Level 6.1 Fighting
 - Level 4.3(8.1) Axes
 * Level 10.6(11.0) Maces & Flails
 + Level 7.5 Armour
 + Level 1.8 Dodging
 + Level 4.5 Shields


You had 8 spell levels left.
You didn't know any spells.
Your spell library contained the following spells:

 Spells                   Type           Power      Damage    Failure   Level
 Kiss of Death            Conj/Necr      0%         2d5       100%        1
 Necrotise                Necr           0%         1d4       100%        1
 Slow                     Hex            0%         N/A       100%        1
 Sublimation of Blood     Necr           0%         N/A       100%        2
 Confusing Touch          Hex            0%         N/A       100%        3
 Dazzling Flash           Conj/Hex       0%         N/A       100%        3
 Summon Guardian Golem    Hex/Summ       0%         N/A       100%        3
 Vampiric Draining        Necr           0%         2d6       100%        3
 Dispel Undead            Necr           0%         3d6       100%        4
 Petrify                  Tmut/Erth      0%         N/A       100%        4
 Agony                    Necr           0%         N/A       100%        5
 Irradiate                Conj/Tmut      0%         3d11      100%        5
 Silence                  Hex/Air        0%         N/A       100%        5
 Simulacrum               Ice/Necr       0%         N/A       100%        6
 Orb of Destruction       Conj           0%         9d5       100%        7
 Ozocubu's Refrigeration  Ice            0%         4d7       100%        7
 Spellforged Servitor     Conj/Summ      0%         N/A       100%        7
 Polar Vortex             Ice            0%         N/A       100%        9


Dungeon Overview and Level Annotations

Branches:
Dungeon (8/15)             Temple (1/1) D:6
   Lair: D:8-11

Altars:
Ashenzari
Cheibriados
Dithmenos
Elyvilon
Fedhas
Gozag
Kikubaaqudgha
Makhleb
Nemelex Xobeh
Okawaru
Qazlal
Ru
Sif Muna
Trog
Uskayaw
Vehumet
Wu Jian
Yredelemnul
Zin
The Shining One
Lugonu

Annotations:
D:7 2 transporters, MrCrawl's ghost, novice DsNe


Innate Abilities, Weirdness & Mutations

You have a pair of horns on your head.
You reflexively headbutt those who attack you in melee.


Message History

A river rat scurries out from under your cloak.
The electric eel shoots out a bolt of lightning at you!
The bolt of electricity hits the electric eel.
The electric eel completely resists.
The bolt of electricity hits your river rat!
Your river rat dies!
The bolt of electricity misses you.
The electric eel shoots out a bolt of lightning at you!
The bolt of electricity hits you!
A river rat scurries out from under your cloak.
You see here an emerald potion.
f - 4 emerald potions (gained 1)
The electric eel shoots out a bolt of lightning at you!
The bolt of electricity hits you.
Your river rat barely misses the electric eel.
The electric eel shoots out a bolt of lightning at you!
The bolt of electricity hits you but does no damage.
Your river rat barely misses the electric eel.
The electric eel shoots out a bolt of lightning at you!
The bolt of electricity hits you.
* * * LOW HITPOINT WARNING * * *
Your river rat completely misses the electric eel.
The electric eel shoots out a bolt of lightning at you!
The bolt of electricity hits you.
* * * LOW HITPOINT WARNING * * *
The electric eel shoots out a bolt of lightning at you!
The bolt of electricity hits you!
* * * LOW HITPOINT WARNING * * *
A river rat scurries out from under your cloak.
Your river rat bites the electric eel.
It was a potion of attraction.
You feel attractive to monsters.
You open the door.
The electric eel shoots out a bolt of lightning at you!
The bolt of electricity hits you.
* * * LOW HITPOINT WARNING * * *
Your river rat misses the electric eel.
The electric eel shoots out a bolt of lightning at you!
The bolt of electricity hits you.
You die...

#.#.#..##≈...♣...♣...≈#......###
#.#....##≈....[......≈#........#
##.##...##≈...♣)[.♣...≈#.........
......#.##≈...♣♣[♣♣...≈#.........
.........#≈≈.........≈≈#.........
.....##.##≈≈≈.......≈≈≈#=........
.....##.##≈≈≈≈.r...≈≈≈≈######)###
.....##..#≈≈≈rSS.≈≈≈≈≈≈# #.#
.....###.#######@############.###
.....##.>........# #........
##...............# #........
...###...........# #........ ####
#...........# #.....(..
...###.......##### #..[..)..
##[.........## #...>....
######.....## ######### #.......#


You could see 2 electric eels and 2 friendly river rats.

Vanquished Creatures
  A yak (D:5)
  2 steam dragons (D:7)
  2 water moccasins
  An orc warrior (D:7)
  An ogre (D:5)
  2 centaurs (D:5)
  2 phantoms
  A kobold brigand (D:6)
  2 scorpions
  Crazy Yiuf (D:6)
  3 hounds
  A jelly (D:5)
  5 iguanas
  4 orc priests
  An orc wizard (D:3)
  Terence (D:2)
  3 gnolls (D:7)
  7 adders
  A shadow imp (D:5)
  An ufetubus (D:7)
  A worm (D:2)
  3 dart slugs
  19 orcs
  7 ball pythons
  6 bats
  10 endoplasms
  3 giant cockroaches
  11 goblins
  4 hobgoblins
  4 jackals
  A quokka (D:3)
  4 frilled lizards
  17 kobolds
  5 rats
137 creatures vanquished.

Vanquished Creatures (collateral kills)
  2 orcs (D:5)
2 creatures vanquished.

Vanquished Creatures (others)
  An orc (D:7)
  5 fungi (D:6)
6 creatures vanquished.

Grand Total: 145 creatures vanquished

Notes
Turn   | Place    | Note
-------+----------+-------------------------------------------
     0 | D:1      | mleeut the Minotaur Fighter began the quest for the Orb.
     0 | D:1      | Reached XP level 1. HP: 19/19 MP: 0/0
    63 | D:1      | Reached XP level 2. HP: 25/27 MP: 1/1
   546 | D:1      | Reached XP level 3. HP: 32/33 MP: 2/2
   816 | D:2      | Noticed Terence
  1124 | D:2      | Found a stormy altar of Qazlal.
  1187 | D:2      | Found the +2 ratskin cloak {*Rats rPois rN+ Str-1 Int-1
                  | Dex+1}
  1310 | D:2      | Noticed an ogre
  1361 | D:2      | Reached XP level 4. HP: 33/40 MP: 3/3
  1794 | D:2      | Killed Terence
  1960 | D:3      | Identified the +2 robe of Sum Haur {rC++ rCorr Str-3}
  1972 | D:3      | Reached skill level 1 in Dodging
  2100 | D:3      | Identified the +7 mace "Sikahaphu" {distort, Dex+2}
  2170 | D:3      | Reached skill level 1 in Maces & Flails
  2170 | D:3      | Reached XP level 5. HP: 46/46 MP: 4/4
  2434 | D:4      | Reached skill level 2 in Maces & Flails
  2629 | D:4      | Reached skill level 5 in Armour
  2923 | D:5      | Entered Level 5 of the Dungeon
  2932 | D:5      | Reached skill level 3 in Maces & Flails
  2932 | D:5      | Reached XP level 6. HP: 53/53 MP: 5/5
  3041 | D:5      | Reached skill level 4 in Maces & Flails
  3351 | D:5      | Noticed an ice beast
  3353 | D:5      | Banished an ice beast
  3354 | D:5      | Reached skill level 5 in Maces & Flails
  3354 | D:5      | Reached XP level 7. HP: 47/60 MP: 6/6
  3462 | D:5      | Reached skill level 6 in Maces & Flails
  3587 | D:5      | Reached skill level 5 in Fighting
  3590 | D:5      | Reached skill level 7 in Maces & Flails
  3630 | D:5      | Noticed a yak
  3634 | D:5      | Killed a yak
  3635 | D:5      | Reached XP level 8. HP: 67/68 MP: 7/7
  3927 | D:5      | Reached skill level 8 in Maces & Flails
  4017 | D:5      | Found a sparkling altar of Nemelex Xobeh.
  4201 | D:6      | You fall into a shaft and drop 2 floors!
  4315 | D:7      | Noticed a moth of wrath
  4344 | D:7      | Noticed MrCrawl's ghost (novice DsNe)
  4351 | D:7      | Found a transporter.
  4358 | D:7      | Found a transporter.
  4358 | D:7      | Found a corrupted altar of Lugonu.
  4358 | D:7      | Noticed a red ugly thing
  4369 | D:7      | Reached skill level 9 in Maces & Flails
  4687 | D:6      | Found a runed translucent door.
  4688 | D:6      | Noticed Crazy Yiuf
  4809 | D:6      | Found a staircase to the Ecumenical Temple.
  4818 | Temple   | Entered the Ecumenical Temple
  4990 | D:6      | Reached skill level 10 in Maces & Flails
  5039 | D:6      | Found a broken altar of Ashenzari.
  5044 | D:6      | Reached XP level 9. HP: 68/75 MP: 8/8
  5371 | D:6      | Killed Crazy Yiuf
  5516 | D:7      | Noticed a red ugly thing
  5516 | D:7      | Noticed a purple ugly thing
  5643 | D:7      | Found a glowing silver altar of Zin.
  5650 | D:7      | Found a white marble altar of Elyvilon.
  5650 | D:7      | Found an opulent altar of Gozag.
  5683 | D:7      | Found an iron altar of Okawaru.
  6346 | D:7      | Noticed a troll
  6348 | D:7      | Found a bloodstained altar of Trog.
  6456 | D:7      | HP: 3/75 [electric eel/bolt of electricity (13)]
  6458 | D:7      | HP: 1/75 [electric eel/bolt of electricity (3)]
  6459 | D:7      | Killed from afar by an electric eel

Illustrated notes

Levels and vault maps discovered:
D:1:      moated_graveyard_arrival, layout_basic
D:2:      layout_loops_ring, basic_altar, minmay_tall_x, uniq_terence
D:3:      layout_basic
D:4:      layout_loops_ring
D:5:      layout_loops_corners, nemelex_dance_club_becter,
          minmay_manual_monstrance
D:6:      layout_loops_ring, mainiacjoe_overflow_alcove_1, temple_statues,
          kennysheep_generic_room_3, uniq_crazy_yiuf_cottage
D:7:      gammafunk_corrupted_shrine, layout_rooms, general_overflow_altar,
          grunt_temple_overflow_open, gammafunk_ghost_wrathful_warriors,
          kennysheep_generic_room_2
D:8:      layout_rooms, worldfamousw_hep_ancestral_shrine, serial_shops, shop
Temple:   eino_narrow_crystal_temple

Skill      XL: |  1  2  3  4  5  6  7  8  9 |
---------------+----------------------------+-----
Fighting       | 4 5 6 |  6.1
Armour         | 4 5 6 7 |  7.5
Axes           | 3 4 |  4.3
Shields        | 4 |  4.5
Dodging        | 1 |  1.8
Maces & Flails | 1 3 5 7 10 | 10.6

Action                     |  1- 3 |  4- 6 |  7- 9 || total
---------------------------+-------+-------+-------++-------
  Melee: War axe           |    84 |    13 |       ||    97
         Headbutt          |    17 |    16 |    15 ||    48
         Spear             |       |     9 |       ||     9
         Mace              |       |    73 |   107 ||   180
    Use: Potion            |       |       |     1 ||     1
 Armour: Scale mail        |    39 |    17 |       ||    56
         Plate armour      |       |    17 |    43 ||    60
  Dodge: Dodged            |    43 |    33 |    55 ||   131
  Block: Buckler           |    18 |    16 |    16 ||    50
